Map: Frozen Temple

Players

Nitix

  • Race: Terran Terran
  • League: Master

Miszu - Winner!

  • Race: Terran Terran
  • League: Master

VOD

Have the link to the VOD?

Description

Time

  • Played on: May 3, 2016, 12:47 p.m.
  • Length: 8:33
Show
View Real Time Build Order
Export as new Build Order

Nitix Terran 

Build Orders: Reaper Expand 

Get SALT Encoding   

  12  0:00  SCV  
  13  0:13  SCV  
  14  0:18  Supply Depot  
  14  0:25  SCV  
  15  0:39  SCV  
  15  0:41  Barracks  
  16  0:45  Refinery  
  16  0:51  SCV  
  17  1:03  SCV  
  18  1:15  SCV  
  19  1:28  Orbital Command  
  19  1:29  Reaper  
  20  1:39  Command Center  
  20  1:49  Supply Depot  
  20  1:54  SCV  
  21  2:02  Marine  
  21  2:06  SCV  
  23  2:09  Factory  
  23  2:14  Refinery  
  23  2:18  SCV  
  23  2:22  Barracks Reactor  
  24  2:30  SCV  
  25  2:42  SCV  
  26  2:50  Barracks  
  26  2:52  Barracks  
  26  2:54  Widow Mine, SCV  
  26  2:56  Orbital Command  
  26  2:58  Marine  
  29  3:01  Marine  
  31  3:07  SCV  
  32  3:16  Marine  
  32  3:19  Marine  
  34  3:23  SCV  
  34  3:26  Hellion  
  36  3:28  Orbital Command  
  36  3:34  Marine  
  36  3:37  Marine  
  36  3:39  Starport  
  36  3:40  Marine x2  
  39  3:44  Engineering Bay  
  39  3:49  Factory Tech Lab  
  39  3:55  SCV x2  
  41  3:58  Supply Depot  
  40  4:09  Siege Tank  
  43  4:12  Marine  
  43  4:13  Marine x2  
  41  4:28  Marine  
  41  4:30  Marine x2  
  30  4:43  Marine  
  27  4:46  Marine  
  27  4:48  Marine  
  26  4:58  SCV x2  
  28  5:02  Barracks Tech Lab  
  28  5:04  Marine  
  29  5:09  Missile Turret  
  29  5:10  SCV x2  
  31  5:14  Barracks Reactor  
  31  5:18  Viking  
  31  5:20  Marine  
  34  5:22  SCV  
  35  5:34  SCV  
  35  5:35  SCV  
  36  5:43  Missile Turret  
  36  5:48  SCV x2  
  36  6:00  SCV x2  
  36  6:08  Marine  
  36  6:09  Marine x2  
  37  6:15  SCV  
  37  6:16  SCV  
  39  6:18  Starport Reactor  
  39  6:24  Marine  
  40  6:27  Terran Infantry Weapons Level 1  
  40  6:28  SCV x2  
  40  6:29  Marine  
  40  6:30  Marine  
  40  6:31  Marine  
  45  6:38  Orbital Command  
  45  6:40  SCV  
  48  6:48  Siege Tank  
  49  6:56  Marine x4  
  49  6:59  SCV  
  54  7:23  Supply Depot  
  54  7:26  Supply Depot  
  54  7:31  Marine, SCV x2  
  54  7:35  Medivac x2  
  54  7:41  Marine x3  
  54  7:44  Marine  
  54  7:49  Marine  
  52  7:57  SCV x2  
  52  7:58  Marine x2  
  52  7:59  Marine  
  52  8:02  Marine  
  54  8:06  Marine  
Show
View Real Time Build Order
Export as new Build Order

Miszu Terran - Winner!

Build Orders: 1/1/1, MMM Bio, Banshee Rush 

Get SALT Encoding   

  12  0:00  SCV  
  13  0:13  SCV  
  14  0:18  Supply Depot  
  14  0:25  SCV  
  15  0:40  SCV  
  15  0:42  Refinery  
  16  0:44  Barracks  
  16  0:49  Refinery  
  16  0:54  SCV  
  17  1:06  SCV  
  19  1:18  SCV  
  20  1:32  Factory  
  20  1:33  Orbital Command  
  20  1:38  Reaper  
  20  1:42  Supply Depot  
  20  1:59  SCV  
  21  2:10  Reaper  
  21  2:13  SCV  
  23  2:17  Hellion  
  23  2:18  Starport  
  25  2:24  Supply Depot  
  25  2:25  SCV  
  26  2:37  SCV  
  26  2:38  Hellion  
  26  2:42  Reaper  
  30  2:49  SCV  
  31  2:57  Medivac  
  33  2:59  Hellion  
  35  3:15  Barracks Tech Lab  
  35  3:25  SCV  
  36  3:37  Command Center  
  36  3:40  Supply Depot  
  36  3:41  Cloaking Field  
  37  3:44  Banshee  
  39  3:50  Barracks Reactor, Factory Tech Lab  
  39  4:01  SCV  
  40  4:13  SCV  
  41  4:25  SCV  
  41  4:32  Banshee  
  41  4:37  SCV  
  45  4:38  Command Center  
  43  4:50  SCV  
  42  4:59  Marine x2  
  44  5:01  Orbital Command  
  44  5:02  SCV  
  45  5:14  SCV  
  43  5:26  SCV  
  43  5:28  Starport Reactor  
  44  5:32  SCV  
  44  5:33  Marine x2  
  41  5:37  Barracks x2  
  41  5:38  SCV  
  41  5:42  Siege Tank  
  45  5:44  SCV  
  45  5:45  Supply Depot  
  46  5:50  SCV  
  46  5:56  SCV  
  48  6:02  Marine, SCV  
  48  6:03  Orbital Command  
  50  6:08  SCV  
  51  6:11  Marine  
  51  6:14  SCV  
  51  6:15  Siege Tank  
  53  6:19  Supply Depot, Refinery, Marine  
  53  6:20  Refinery, SCV  
  53  6:22  Medivac x2  
  59  6:25  Stimpack  
  59  6:26  Marine, Barracks Tech Lab, SCV  
  59  6:29  Marine  
  62  6:35  Barracks  
  62  6:36  Barracks  
  62  6:37  Marine, SCV  
  62  6:38  SCV, Orbital Command  
  66  6:42  Supply Depot  
  66  6:44  Marine  
  66  6:47  Marine  
  66  6:48  Siege Tank  
  66  6:49  Marine  
  66  6:51  SCV  
  66  6:52  Medivac  
  66  6:53  SCV  
  75  6:55  Marine  
  76  7:02  Marine  
  76  7:03  SCV  
  76  7:04  Marine, SCV  
  76  7:05  SCV  
  76  7:06  Marine  
  76  7:07  Combat Shields  
  82  7:13  Supply Depot, Marine  
  82  7:15  SCV  
  84  7:16  Supply Depot, SCV  
  84  7:17  SCV  
  84  7:22  Siege Tank  
  90  7:24  Marine  
  90  7:27  Barracks Reactor x2, SCV  
  90  7:28  SCV  
  90  7:29  SCV  
  93  7:33  Marine x2  
  93  7:34  Marine  
  96  7:42  Marine  
  97  7:51  Marine x2, Medivac  
  98  7:52  Marine, Medivac  
  98  7:54  Siege Tank  
  107  8:00  Marine  
  108  8:08  Marine  
  108  8:09  Marine x6  
  108  8:10  SCV  
  108  8:12  Supply Depot  
  116  8:13  Supply Depot  
Tags
 
Add a new tag
Caveats
  • Supply blocks, unpowered buildings, or Contaminate may cause inaccurate times.
  • Supply counts are checked every 10 seconds.